 Dungeon Sprint DCSS version 0.20-a0-876-g2c7b0bf (webtiles) character file.

58 esc the Ruffian (level 3, -8/39 HPs)
             Began as a Troll Berserker on Mar 15, 2017.
             Was a Believer of Trog.
             Splashed by an oklob sapling priest's acid (19 damage)
             ... in the Dungeon (Sprint IV: "Fedhas' Mad Dash").
             The game lasted 00:00:50 (119 turns).

esc the Ruffian (Troll Berserker)                    Turns: 119, Time: 00:00:50

Health: -8/39      AC:  1    Str: 25    XL:     3   Next: 76%
Magic:  0/2        EV: 11    Int:  3    God:    Trog [**....]
Gold:   37         SH:  0    Dex: 10    Spells: 2/2 levels left

rFire    . . .     SeeInvis .     - Unarmed
rCold    . . .     Gourm    +   a - +0 animal skin
rNeg     . . .     Faith    .   (no shield)
rPois    .         Spirit   .   (helmet restricted)
rElec    .         Reflect  .   (no cloak)
rCorr    .         Harm     .   (gloves unavailable)
MR       .....     NoTele   +   (boots unavailable)
Stlth    +.........             j - amulet of invisibility {+Inv}
Regen    0.6/turn               (no ring)
MPRegen  0.1/turn               (no ring)

@: corroded, very slightly contaminated, invisible (expiring)
A: unfitting armour, claws 3, fast metabolism 3, gourmand, regeneration 1,
shaggy fur 1, tough skin 2
a: Berserk, Trog's Hand, Burn Spellbooks, Renounce Religion, Turn Visible


You were in the Dungeon.
You worshipped Trog.
Trog was pleased with you.
You were not hungry.

You visited 1 branch You collected 37 gold pieces.

Inventory:

Armour
 a - a +0 animal skin (worn)
Jewellery
 j - the amulet of invisibility (around neck) {+Inv}
   (You found it in the Dungeon)

   [amulet of nothing]

   It lets you turn invisible.
Scrolls
 h - a scroll of blinking {!r}
Potions
 c - a potion of curing
 d - a potion of heal wounds
 e - a potion of haste
 f - 2 potions of magic
 g - a potion of berserk rage {!q}
 k - a potion of brilliance {unknown}
Comestibles
 b - 2 bread rations {@e1}
 i - a meat ration {@e2}


   Skills:
 + Level 4.2 Fighting
 + Level 4.3 Dodging
 + Level 5.2 Unarmed Combat


You had 2 spell levels left.
You didn't know any spells.

Dungeon Overview and Level Annotations

Branches:
Dungeon (1/1)

Altars:
Cheibriados
Dithmenos
Elyvilon
Gozag
Hepliaklqana
Kikubaaqudgha
Makhleb
Nemelex Xobeh
Okawaru
Qazlal
Ru
Sif Muna
Trog
Uskayaw
Vehumet
Wu Jian
Xom
Yredelemnul
Zin
The Shining One
Beogh
Jiyva
Lugonu

Annotations:
D exclusion: oklob sapling


Innate Abilities, Weirdness & Mutations

You are too large for most types of armour.
You have claws for hands.
Your metabolism is lightning-fast.
You like to eat raw meat.
Your natural rate of healing is unusually fast.
You are covered in fur. (AC +1)
You have very tough skin. (AC +2)


Message History

You claw the oklob sapling!
You destroy the oklob sapling!
Trog accepts your kill.
You can now call upon Trog for regeneration and protection from hostile enchantments.
Your Unarmed Combat skill increases to level 4!
You have reached level 3!
Your experience leads to an increase in your attributes!
Increase (S)trength, (I)ntelligence, or (D)exterity?
You feel agile.
You feel stronger.
Health restored: 39; MP restored: 2 Unknown command.
A worker ant comes into view.
You see here 7 gold pieces.
The worker ant twitches its antennae in your direction.
The worker ant bites you but does no damage.
You see here a green potion.
You claw the worker ant! The worker ant bites you!
You are poisoned.
The worker ant poisons you!
You take 7 damage, and have 32/39 hp.
You barely miss the worker ant.
You feel sick. The worker ant misses you.
You barely miss the worker ant. You claw the worker ant.
You feel sick. The worker ant closely misses you.
You take 1 damage, and have 31/39 hp.
You barely miss the worker ant. The worker ant bites you.
You take 1 damage, and have 30/39 hp.
You barely miss the worker ant.
You feel sick. The worker ant closely misses you.
You take 1 damage, and have 29/39 hp.
You closely miss the worker ant. The worker ant bites you.
The worker ant bites you but does no damage.
You take 3 damage, and have 26/39 hp.
You closely miss the worker ant. The worker ant bites you.
You are more poisoned.
The worker ant poisons you!
You take 4 damage, and have 22/39 hp.
You barely miss the worker ant.
You feel sick. The worker ant closely misses you.
You claw the worker ant!
You kill the worker ant!
Trog accepts your kill.
Your Fighting skill increases to level 4!
Your Dodging skill increases to level 4!
Your Unarmed Combat skill increases to level 5!
You feel sick.
You take 1 damage, and have 21/39 hp.
No target in view!
You feel sick.
j - the amulet of invisibility {+Inv} You feel sick.
You take 1 damage, and have 20/39 hp.
You feel sick.
k - a green potion You feel sick.
You take 1 damage, and have 19/39 hp.
You feel sick.
You now have 7 gold pieces.
You feel sick.
You take 1 damage, and have 18/39 hp.
You now have 17 gold pieces (gained 10).
You feel sick.
You now have 26 gold pieces (gained 9).
You feel sick.
You now have 37 gold pieces (gained 11).
You feel sick.
You start resting.
You feel sick. x6
You are no longer poisoned.
You regained 4 hp, and now have 23/39 hp.
You start resting.
Health restored: 39 Put on which piece of jewellery? (? for menu, Esc to quit)
j - the amulet of invisibility (around neck) {+Inv} You fail to use your ability.
You fade into invisibility!
You are very lightly contaminated with residual magic.
You feel somewhat more hungry.
You now have 0/2 mp.
You open the door.
Found ten altars.
An oklob sapling priest comes into view.
Found three altars.
There is an open door here.
Found three altars.
Found two altars.
Found three altars.
There is an opulent altar of Gozag here.
Found a corrupted altar of Lugonu and a radiant altar of Vehumet.
There is a hazy altar of Hepliaklqana here.
You scratch the oklob sapling priest but do no damage.
The oklob sapling priest spits acid at you.
The splash of acid hits you!
You are splashed with acid!
The acid burns!
You take 18 damage, and have 21/39 hp.
MASSIVE DAMAGE!!
You scratch the oklob sapling priest.
You flicker for a moment.
You scratch the oklob sapling priest.
The oklob sapling priest spits acid at you.
The splash of acid hits you!
* * * LOW HITPOINT WARNING * * *
The acid corrodes you!
You are splashed with acid!
The acid burns!
You die...

########################
....#.....#.⌠._._._._.⌠.
†...'.#.(.'.._._@_._._..
....#.#...#..._._P_._...
########+##.._._._._._..
#._._._._._.⌠.
##############


You could see an oklob sapling priest.

Vanquished Creatures
  An oklob sapling (D)
  A worker ant (D)
  A river rat (D)
  A rat (D)
4 creatures vanquished.

Notes
Turn   | Place    | Note
-------+----------+-------------------------------------------
     0 | D        | esc the Troll Berserker began the quest for the Orb.
     0 | D        | Reached XP level 1. HP: 22/22 MP: 0/0
     7 | D        | Reached skill level 3 in Fighting
     7 | D        | Reached skill level 3 in Dodging
     7 | D        | Reached XP level 2. HP: 21/31 MP: 1/1
    28 | D        | Noticed an oklob sapling
    30 | D        | Killed an oklob sapling
    30 | D        | Reached ** piety under Trog
    30 | D        | Reached skill level 4 in Unarmed Combat
    30 | D        | Reached XP level 3. HP: 39/39 MP: 2/2
    42 | D        | Reached skill level 4 in Fighting
    42 | D        | Reached skill level 4 in Dodging
    42 | D        | Reached skill level 5 in Unarmed Combat
   109 | D        | Found an opulent altar of Gozag.
   109 | D        | Found a hazy altar of Hepliaklqana.
   109 | D        | Found a burning altar of Makhleb.
   109 | D        | Found a roughly hewn altar of Beogh.
   109 | D        | Found a sparkling altar of Nemelex Xobeh.
   109 | D        | Found a snail-covered altar of Cheibriados.
   109 | D        | Found a sacrificial altar of Ru.
   109 | D        | Found a deep blue altar of Sif Muna.
   109 | D        | Found a shimmering altar of Xom.
   109 | D        | Found a basalt altar of Yredelemnul.
   110 | D        | Found a viscous altar of Jiyva.
   110 | D        | Found a bloodstained altar of Trog.
   110 | D        | Found an ornate altar of the Wu Jian Council.
   110 | D        | Noticed an oklob sapling priest
   111 | D        | Found an iron altar of Okawaru.
   111 | D        | Found a shadowy altar of Dithmenos.
   111 | D        | Found a glowing silver altar of Zin.
   112 | D        | Found an ancient bone altar of Kikubaaqudgha.
   112 | D        | Found a hide-covered altar of Uskayaw.
   113 | D        | Found a stormy altar of Qazlal.
   113 | D        | Found a white marble altar of Elyvilon.
   113 | D        | Found a glowing golden altar of the Shining One.
   114 | D        | Found a corrupted altar of Lugonu.
   114 | D        | Found a radiant altar of Vehumet.
   119 | D        | Splashed by an oklob sapling priest's acid

Vault maps used:
D:        dungeon_sprint_fedhas

Skill      XL: |  1  2  3 |
---------------+----------+-----
Fighting       | 3 4 |  4.2
Dodging        | 3 4 |  4.3
Unarmed Combat | 4 5 |  5.2

Action                   || total
-------------------------++-------
Melee: Unarmed           ||    16
       Punch             ||     1
 Abil: Evoke Invisibilit ||     1
 Stab: Sleeping          ||     1
  Eat: Chunk             ||     1
Armor: Animal skin       ||     2
Dodge: Dodged            ||     5

Vault maps used:
D:        dungeon_sprint_fedhas

Table legend:
 A = Turns spent in this place as a percentage of turns spent in the entire game.
 B = Non-inter-level travel turns spent in this place as a percentage of non-inter-level travel turns spent in the entire game.
 C = Inter-level travel turns spent in this place as a percentage of turns spent in this place.
 D = Turns resting spent in this place as a percentage of non-inter-level travel turns spent in this place.
 E = Turns spent auto-exploring this place as a percentage of non-inter-level travel turns spent in this place.
 F = Non-inter-level travel turns spent in this place divided by the number of levels of this place that you've seen.
                   A       B       C       D       E      F
               +-------+-------+-------+-------+-------+----------------------
         Total | 100.0 | 100.0 |   0.0 |   8.5 |   0.0 |  59.0
       Dungeon | 100.0 | 100.0 |   0.0 |   8.5 |   0.0 |  59.0
               +-------+-------+-------+-------+-------+----------------------

Table legend:
 A = Kills in this place as a percentage of kills in entire the game.
 B = Kills by you in this place as a percentage of kills by you in the entire game.
 C = Kills by friends in this place as a percentage of kills by friends in the entire game.
 D = Other kills in this place as a percentage of other kills in the entire game.
 E = Experience gained in this place as a percentage of experience gained in the entire game.
 F = Experience gained in this place divided by the number of levels of this place that you have seen.
                   A       B       C       D       E      F
               +-------+-------+-------+-------+-------+----------------------
         Total | 100.0 | 100.0 |  -nan |  -nan | 100.0 |  84.0
       Dungeon | 100.0 | 100.0 |  -nan |  -nan | 100.0 |  84.0
               +-------+-------+-------+-------+-------+----------------------
